AoeStats
← Larri with a Y

Arabia

509421002Analyzed
1v1 RM · 5d ago on Sep 26, 2026· 30m 22s· 2 players
Game mode
Random Map
Map size
Tiny (2 player)
Population
200
Speed
Normal
Resources
Standard
Victory
Conquest
Starting age
Dark Age
Ending age
Imperial Age
RankedLock teamsTeams togetherTeam positionsShared explorationLock speedFull tech treeHidden civsTurbo modeCheats
Victory
Defeat
🇸🇮 Goths · Slovenia
638
+16
🇦🇷 Chinese · Argentina
630
-16
Octavio
13:16 Loom
15:03 Feudal Age
15:35 Feudal Age
16:26 Man-at-Arms
24:25 Forging
Larri with a Y
4:11 Loom
10:40 Feudal Age
10:56 Man-at-Arms
11:39 Double-Bit Axe
20:07 Forging
20:01 Fletching
21:25 Scale Mail Armor
Connection lost

Rejoining the realm…

Still unreachable

The connection could not be restored.

Session expired

The server has moved on; the page needs a fresh start.